 Dungeon Crawl Stone Soup version 0.30.1-9-gdf580d7c3d (webtiles) character file.

Game seed: 5309161803003591581

402 7w4c the Caller (level 6, -16/24 HPs)
             Began as a Felid Summoner on Oct 19, 2023.
             Killed from afar by a steam dragon (20 damage)
             ... with a ball of steam
             ... on level 6 of the Dungeon.
             The game lasted 00:19:33 (4309 turns).

7w4c the Caller (Felid Summoner)                    Turns: 4309, Time: 00:19:34

Health: -16/24     AC:  2    Str:  4    XL:     6   Next: 55%
Magic:  8/16       EV: 19    Int: 18    God:
Gold:   256        SH:  0    Dex: 17    Spells: 4/17 levels left
                                        Lives:  0   Deaths: 2

rFire   . . .        (weapon unavailable)
rCold   . . .        (shield unavailable)
rNeg    . . .        (body armour unavailable)
rPois   .            (helmet unavailable)
rElec   .            (cloak unavailable)
rCorr   .            (gloves unavailable)
SInv    +            (boots unavailable)
Will    .....        (no amulet)
Stlth   +++          d - ring of flight
HPRegen 0.24/turn    (no ring)
MPRegen 0.15/turn

%: no passive effects
@: flying, quick
A: very small, claws 1, fangs 3, see invisible, speed 1, shaggy fur 2, stealthy
paws, no weapons or thrown items, no armour, multi-lived
a: no special abilities


You were on level 6 of the Dungeon.
You visited 1 branch of the dungeon, and saw 5 of its levels.

You collected 256 gold pieces.

Inventory:

Jewellery
 d - a ring of flight (left paw)
 l - a ring of fire
Wands
 n - a wand of roots (8)
Scrolls
 b - a scroll of identify
 g - 2 scrolls of teleportation
 i - a scroll of fear
 j - 2 scrolls of magic mapping
 m - a scroll of brand weapon {unknown}
Potions
 a - a potion of magic
 c - a potion of brilliance
 e - a potion of heal wounds {unknown}
 f - a potion of invisibility {unknown}
 h - 3 potions of curing
 k - a potion of lignification {unknown}


   Skills:
 + Level 0.2 Fighting
 + Level 4.2 Dodging
 + Level 3.7 Stealth
 + Level 0.3 Unarmed Combat
 + Level 6.0 Spellcasting
 + Level 3.2 Hexes
 + Level 6.9 Summonings
 + Level 0.6 Air Magic


You had 4 spell levels left.
You knew the following spells:

 Your Spells              Type           Power      Damage    Failure   Level
a - Summon Small Mammal   Summ           100%       N/A       1%          1
b - Call Imp              Summ           60%        N/A       1%          2
c - Call Canine Familiar  Summ           30%        N/A       1%          3
d - Summon Guardian Gole  Hex/Summ       23%        N/A       4%          3
e - Summon Lightning Spi  Summ/Air       19%        N/A       26%         4

Your spell library contained the following spells:

 Spells                   Type           Power      Damage    Failure   Level
 Apportation              Tloc           10%        N/A       12%         1
 Necrotise                Necr           20%        1d5       12%         1


Dungeon Overview and Level Annotations

Branches:
Dungeon (6/15)
 Temple: D:4-7

Altars:
Gozag

Shops:
D:1 *

Annotations:
D:5 Duvessa, Grinder


Innate Abilities, Weirdness & Mutations

You have sharp claws.
You have razor-sharp teeth.
You have supernaturally acute eyesight. (SInv)
You cover ground quickly. (Speed+)
You are covered in thick fur. (AC +2)
Your paws help you pounce on unaware monsters.
You are incapable of wielding weapons or throwing items.
You cannot wear armour.
You gain extra lives every three experience levels.


Message History

A steam dragon is nearby!
Casting: Call Canine Familiar (safe; 1% risk of failure)
Confirm with . or Enter, or press ? or * to list all spells.
The spell is astonishingly dangerous to miscast (26% risk of failure)!
Continue anyway?
An electric hum fills the air.
The steam dragon bites your lightning spire but does no damage.
The steam dragon claws your lightning spire but does no damage.
You swap places.
The steam dragon barely misses your lightning spire.
The steam dragon claws your lightning spire.
Your lightning spire shoots out a bolt of lightning at the steam dragon!
The bolt of electricity hits the steam dragon!
The steam dragon breathes steam at you.
The ball of steam hits your lightning spire.
Your lightning spire resists.
The ball of steam hits your hound! The ball of steam hits you!!
Ouch! That really hurt!
* * * LOW HITPOINT WARNING * * *
Something hits your lightning spire.
Unknown command.
Your hound is engulfed in a cloud of scalding steam.
Your hound dies!
Your hound's corpse disappears in a puff of smoke!
Things that are here:
a +0 dagger; an orc corpse
Casting: Summon Lightning Spire (astonishingly dangerous; 26% risk of failure)
Confirm with . or Enter, or press ? or * to list all spells.
Things that are here:
a +0 club; a +0 chain mail; an orc corpse
Casting: Call Canine Familiar (safe; 1% risk of failure)
Confirm with . or Enter, or press ? or * to list all spells.
A tiny devil pulls itself out of the air.
Your hound is engulfed in a cloud of scalding steam.
The steam dragon bites your lightning spire!
Your lightning spire is destroyed!
Your lightning spire disappears in a puff of smoke!
The steam dragon breathes steam at you. The ball of steam hits your hound!
The ball of steam hits you!!
Ouch! That really hurt!
You die...

.....# #.# ###.# .....#
###########.#####.# ......
...[..............#
#######.........### #
#....)....# #. #.).......#
###.###### ##.....(...#
.......(.#######..........#
...........§..§h@5........#
..........D######....)....#
.......†...# #.........#
...........# ###########
.........§.# ...........#
..........## .........##
##########


You could see a friendly hound (summoned) and a friendly cerulean imp
(summoned).

Vanquished Creatures (collateral kills)
  An ice beast (D:5)
  A phantom (D:6)
  A lemure (D:4)
  A scorpion (D:4)
  Dowan (D:5)
  A hound (D:5)
  An orc priest (D:4)
  3 iguanas
  An orc wizard (D:6)
  2 gnolls (D:5)
  4 adders
  An ufetubus (D:6)
  2 dart slugs
  9 orcs
  5 ball pythons
  4 endoplasms
  3 giant cockroaches (D:1)
  A goblin (D:4)
  A hobgoblin (D:1)
  6 jackals
  4 kobolds
  2 quokkas
  4 bats
  2 rats (D:1)
61 creatures vanquished.

Vanquished Creatures (others)
  Pikel (D:4)
  A sky beast (D:6)
  A lemure (D:4)
3 creatures vanquished.

Grand Total: 64 creatures vanquished

Notes
Turn   | Place    | Note
-------+----------+-------------------------------------------
     0 | D:1      | 7w4c the Felid Summoner began the quest for the Orb.
     0 | D:1      | Reached XP level 1. HP: 7/7 MP: 4/4
   303 | D:1      | Found Fishracwo's Assorted Antiques.
   606 | D:1      | Reached XP level 2. HP: 11/11 MP: 0/6
   687 | D:1      | Learned a level 2 spell: Call Imp
   761 | D:1      | Found a faded altar of an unknown god.
  1450 | D:2      | Reached XP level 3. HP: 14/14 MP: 4/7
  1669 | D:2      | Learned a level 3 spell: Call Canine Familiar
  1814 | D:2      | You fall into a shaft and drop 2 floors!
  1850 | D:4      | Noticed a scorpion
  1869 | D:4      | Killed a scorpion
  1870 | D:4      | Reached XP level 4. HP: 18/18 MP: 0/9
  2075 | D:4      | Learned a level 3 spell: Summon Guardian Golem
  2151 | D:4      | Reached skill level 5 in Summonings
  2151 | D:4      | Reached XP level 5. HP: 21/21 MP: 4/10
  2371 | D:4      | Noticed a lemure
  2377 | D:4      | Noticed Pikel
  2386 | D:4      | Noticed a lemure
  2386 | D:4      | Noticed a lemure
  2388 | D:4      | Killed a lemure
  2398 | D:4      | Noticed a lemure
  2524 | D:4      | HP: 1/21 [iguana (11)]
  2885 | D:4      | Killed a lemure
  3009 | D:4      | Killed Pikel
  3010 | D:4      | Reached skill level 5 in Spellcasting
  3010 | D:4      | Gained mutation: You are covered in thick fur. (AC +2)
                  | [Felid growth]
  3010 | D:4      | Reached XP level 6. HP: 24/24 MP: 2/14
  3010 | D:4      | Reached XP level 7. HP: 27/27 MP: 2/15
  3039 | D:4      | Learned a level 4 spell: Summon Lightning Spire
  3272 | D:5      | Entered Level 5 of the Dungeon
  3272 | D:5      | Noticed Duvessa
  3272 | D:5      | Noticed Dowan
  3275 | D:5      | Constricted to death by Duvessa
  3276 | D:5      | Reached XP level 6. HP: -3/24 MP: 11/14
  3308 | D:5      | Killed Dowan
  3410 | D:5      | Noticed an orc warrior
  3412 | D:5      | Noticed a nameless horror
  3582 | D:5      | Found an opulent altar of Gozag.
  3610 | D:5      | Noticed an ice beast
  3615 | D:5      | Killed an ice beast
  3616 | D:5      | Reached XP level 7. HP: 27/27 MP: 5/16
  3746 | D:5      | Noticed a nameless horror
  3765 | D:5      | Noticed Grinder
  4186 | D:6      | Noticed a nameless horror
  4290 | D:6      | Noticed a steam dragon
  4293 | D:6      | Killed from afar by a steam dragon
  4294 | D:6      | Reached XP level 6. HP: -8/24 MP: 1/16
  4309 | D:6      | Killed from afar by a steam dragon

Illustrated notes

Levels and vault maps discovered:
D:1:      dpeg_arrival_refuge, layout_basic, serial_shops,
          nicolae_shop_peninsula, shapermc_ecumenical_altar_venn
D:2:      layout_loops_corners, basic_altar, minmay_shallow_snake_nest
D:4:      layout_loops_ring, uniq_pikel
D:5:      minmay_chambers_of_threes, layout_layer_cave, kennysheep_little_box,
          minmay_temple_entry_poolview, ebering_ghost_rock_garden,
          wad_floor_pattern_untrapped, uniq_menkaure, uniq_duvessa, uniq_grinder
D:6:      layout_rooms

Skill      XL: |  1  2  3  4  5  6  7 |
---------------+----------------------+-----
Stealth        | 3 |  3.7
Dodging        | 3 4 |  4.2
Spellcasting   | 3 5 6 |  6.0
Summonings     | 5 6 |  6.9
Hexes          | 2 3 |  3.2
Fighting       | |  0.2
Unarmed Combat | |  0.3
Air Magic      | |  0.6

Action                     |  1- 3 |  4- 6 |  7- 9 || total
---------------------------+-------+-------+-------++-------
  Melee: Unarmed           |     7 |     4 |       ||    11
         Bite              |     1 |       |       ||     1
   Cast: Summon Small Mamm |    32 |     9 |     1 ||    42
         Call Imp          |    12 |    20 |     8 ||    40
         Call Canine Famil |     2 |     7 |    10 ||    19
         Summon Guardian G |       |     8 |     4 ||    12
         Summon Lightning  |       |     4 |     6 ||    10
    Use: Scroll            |       |     5 |     2 ||     7
         Potion            |       |       |     4 ||     4
 Armour: Skin              |     8 |     1 |       ||     9
  Dodge: Dodged            |    78 |    33 |    38 ||   149
